 Dungeon Crawl Stone Soup version 0.25.0-11-g1f837a76a1 (webtiles) character file.

Game seed: 288652117033496182

26 Curus the Skirmisher (level 2, -1/26 HPs)
             Began as a Minotaur Abyssal Knight on June 24, 2020.
             Was a Follower of Lugonu.
             Slain by Robin
             ... wielding a +0 dagger
              (2 damage)
             ... on level 2 of the Dungeon.
             The game lasted 00:02:20 (259 turns).

Curus the Skirmisher (Minotaur Abyssal Knight)       Turns: 259, Time: 00:02:20

Health: -1/26      AC:  3    Str: 15 (16) XL:     2   Next: 89%
Magic:  2/3        EV: 11    Int:  6 (9)  God:    Lugonu [*.....]
Gold:   29         SH:  0    Dex:  7 (9)  Spells: 1/1 levels left

rFire    . . .     SeeInvis .   a - +1 mace
rCold    . . .     Gourm    .   (no shield)
rNeg     . . .     Faith    .   b - +0 leather armour
rPois    .         Spirit   .   (helmet restricted)
rElec    .         Reflect  .   (no cloak)
rCorr    .         Harm     .   (no gloves)
MR       .....                  (no boots)
Stlth    +.........             (no amulet)
HPRegen  0.08/turn              (no ring)
MPRegen  0.08/turn              (no ring)

@: no status effects
A: retaliatory headbutt, horns 2
a: Depart the Abyss, Renounce Religion


You were on level 2 of the Dungeon.
You worshipped Lugonu.
Lugonu was aware of your devotion.
You were not hungry.

You visited 1 branch of the dungeon, and saw 2 of its levels.
You visited the Abyss 1 time.

You collected 29 gold pieces.

Inventory:

Hand Weapons
 a - a +1 mace (weapon)
Armour
 b - a +0 leather armour (worn)
Comestibles
 c - 4 rations
 d - 5 chunks of flesh


   Skills:
 - Level 3.6 Fighting
 + Level 3.4 Maces & Flails
 - Level 2.4 Armour
 - Level 1.1 Dodging
 + Level 2.6 Invocations


You had one spell level left.
You didn't know any spells.
Your spell library was empty.

Dungeon Overview and Level Annotations

Branches:
Dungeon (2/15)

Altars:

Annotations:
D:2 Robin


Innate Abilities, Weirdness & Mutations

You reflexively headbutt those who attack you in melee.
You have a pair of horns on your head.


Message History

The hobgoblin misses you. The goblin hits you but does no damage.
Something hits you but does no damage.
You hit something. The goblin barely misses you. You furiously retaliate!
You headbutt the goblin!
You kill the goblin!
Lugonu accepts your kill. The goblin closely misses you.
Something hits you but does no damage. The hobgoblin completely misses you.
You furiously retaliate!
You headbutt the hobgoblin.
You kill the hobgoblin!
Lugonu accepts your kill.
You closely miss something. Something hits you but does no damage.
The goblin barely misses you. You furiously retaliate!
You headbutt the goblin!
You kill the goblin!
Lugonu accepts your kill.
You miss something. Something hits you but does no damage.
You miss something. Something hits you but does no damage. Something hits you.
* * * LOW HITPOINT WARNING * * *
You hit something. Something hits you.
You die...

###########
#.........#######
................#
#.#######.#####.##
....# #.# #).#
#.#.# #.# ##@#
..#.# #.#
#..){...... ....#
#.# #.#..#####.
.########.# #.##.#
..........## # ..
.###.......###.
#.#
............... [.
.#.#.#####.###.
..# .#.#.# #


There were no monsters in sight!

Vanquished Creatures
  A dart slug (D:1)
  A leopard gecko (D:1)
  8 goblins
  3 hobgoblins
  4 bats
  A frilled lizard (D:1)
  2 kobolds (D:1)
  A rat (D:1)
21 creatures vanquished.

Notes
Turn   | Place    | Note
-------+----------+-------------------------------------------
     0 | Abyss:1  | Curus the Minotaur Abyssal Knight began the quest for the
                  | Orb.
     0 | Abyss:1  | Reached XP level 1. HP: 19/19 MP: 1/1
     1 | Abyss:1  | Noticed a tentacled monstrosity
     2 | D:1      | Escaped the Abyss
    72 | D:1      | Reached * piety under Lugonu
   110 | D:1      | Reached XP level 2. HP: 26/26 MP: 2/2
   162 | D:1      | You fall into a shaft and drop 1 floor!
   244 | D:2      | Noticed Robin
   258 | D:2      | HP: 1/26 [something (2)]
   259 | D:2      | Slain by Robin

Illustrated notes

Levels and vault maps discovered:
D:1:      dpeg_arrival_windows_large_door, layout_rooms
D:2:      layout_basic, uniq_robin, uniq_jessica

Skill      XL: |  1 |
---------------+----+-----
Invocations    | 2 |  2.6
Maces & Flails | 3 |  3.4
Fighting       | |  3.6
Armour         | |  2.4
Dodging        | |  1.1

Action                   || total
-------------------------++-------
Melee: Mace              ||    39
       Headbutt          ||     7
Invok: Depart the Abyss  ||     1
  Use: Scroll            ||     2
       Potion            ||     1
Armor: Leather armour    ||    28
Dodge: Dodged            ||    33
